AoeStats
← przemulek123

Arena

510381417Analyzed
1v1 RM · 1d ago on Sep 30, 2026· 44m 36s· 2 players
Game mode
Random Map
Map size
Tiny (2 player)
Population
200
Speed
Normal
Resources
Standard
Victory
Conquest
Starting age
Dark Age
Ending age
Imperial Age
RankedLock teamsTeams togetherTeam positionsShared explorationLock speedFull tech treeHidden civsTurbo modeCheats
Victory
Defeat
🇭🇰 Hindustanis · Hong Kong SAR China
934
+17
🇵🇱 Bulgarians · Poland
965
-17
przemulek123
4:27 Loom
12:06 Feudal Age
12:46 Double-Bit Axe
15:09 Horse Collar
17:42 Town Watch
20:13 Castle Age
19:15 Gold Mining
24:06 Forging
25:42 Squires
29:38 Fletching
30:24 Iron Casting
29:50 Scale Mail Armor
29:56 Scale Barding Armor
31:56 Heavy Plow
32:12 Bow Saw
32:52 Murder Holes
33:06 Pikeman
37:13 Town Patrol
41:26 Imperial Age
39:33 Chain Mail Armor
39:14 Bodkin Arrow
43:44 Imperial Age
43:52 Heavy Scorpion
kenny
9:05 Feudal Age
17:22 Castle Age
15:37 Double-Bit Axe
16:45 Horse Collar
17:45 Wheelbarrow
20:16 Heavy Plow
25:03 Bow Saw
29:31 Imperial Age
27:14 Gold Mining
29:53 Masonry
30:36 Conscription
31:22 Chemistry
30:42 Hand Cart
31:47 Two-Man Saw
34:09 Bloodlines
34:03 Husbandry
37:27 Gold Shaft Mining
36:47 Fletching
40:01 Bodkin Arrow
40:17 Forging
40:13 Scale Barding Armor
40:07 Heavy Camel Rider
42:07 Shatagni
42:50 Iron Casting
41:57 Imperial Camel Rider
Connection lost

Rejoining the realm…

Still unreachable

The connection could not be restored.

Session expired

The server has moved on; the page needs a fresh start.